 Dungeon Sprint DCSS version 0.15-a0-1004-gbf4e2e6 (webtiles) character file.

1492 MDvedh the Conjurer (level 8, -5/57 HPs)
             Began as a Yellow Draconian Air Elementalist on May 25, 2014.
             Was an Elder of Vehumet.
             Slain by a spiny frog (20 damage)
             ... in the Dungeon (Sprint IX: "|||||||||||||||||||||||||||||").
             The game lasted 00:04:32 (908 turns).

MDvedh the Conjurer (DrAE)                           Turns: 908, Time: 00:04:32

HP  -5/57        AC  6     Str 14      XL: 8   Next: 51%
MP  18/26        EV 14     Int 18      God: Vehumet [****..]
Gold 10          SH  0     Dex 12      Spells:  3 memorised, 22 levels left

rFire  . . .     SeeInvis .     n - +2 scimitar of Graah {freeze, rPois MR+ Str+1 Stlth-}
rCold  . . .     Clarity  .     (armour unavailable)
rNeg   . . .     Conserve .     (no shield)
rPois  +         rCorr    +     (helmet restricted)
rElec  .         rRot     .     (no cloak)
SustAb .         Spirit   .     (no gloves)
rMut   .         Warding  .     (no boots)
Gourm  .         NoTele   +     (no amulet)
MR     +....                    p - +2 ring of evasion
                                o - +3 ring of strength

@: somewhat resistant to hostile enchantments, very unstealthy
A: spit acid, acid resistance, unfitting armour, cold-blooded, AC +6
a: Spit Acid, Renounce Religion


You were in the Dungeon.
You worshipped Vehumet.
Vehumet was greatly pleased with you.
You were not hungry.

You visited 1 branch You collected 10 gold pieces.

Inventory:

Hand weapons
 n - the +2,+2 scimitar of Graah (weapon) {freeze, rPois MR+ Str+1 Stlth-}
   (You found it in the Dungeon)

   It has been specially enchanted to freeze those struck by it, causing extra
   injury to most foes and up to double damage against particularly susceptible
   opponents.
   It can also slow down cold-blooded creatures.
   It affects your strength (+1).
   It protects you from poison.
   It affects your resistance to hostile enchantments.
   It makes you less stealthy.
Magical devices
 l - a wand of draining (7)
Comestibles
 c - a bread ration
 f - 3 rotting chunks of crocodile flesh
 h - 3 rotting chunks of komodo dragon flesh
 q - a rotting chunk of troll flesh
Scrolls
 i - 2 scrolls of blinking
 j - 3 scrolls of remove curse
 k - 2 scrolls of amnesia
 u - a scroll of identify
 v - a scroll of recharging
 w - a scroll of enchant weapon III
 x - a scroll of fear
 y - 2 scrolls of enchant armour
Jewellery
 o - a +3 ring of strength (left hand)
 p - a +2 ring of evasion (right hand)
Potions
 a - a potion of invisibility
 d - 6 potions of curing
 e - 4 potions of heal wounds
 g - 4 potions of magic
 r - a potion of restore abilities
 s - a potion of agility
 t - 2 potions of brilliance
Books
 b - a book of Air

   Spells                             Type                      Level
   *Shock                             Conjuration/Air              1
   Swiftness                          Charms/Air                   2
   Repel Missiles                     Charms/Air                   2
   Flight                             Charms/Air                   3
   *Static Discharge                  Conjuration/Air              3
   Lightning Bolt                     Conjuration/Air              5
Magical staves
 m - an uncursed staff of energy


   Skills:
 - Level 1.7 Dodging
 - Level 1.7 Stealth
 - Level 9.1 Unarmed Combat
 + Level 10.0 Spellcasting
 + Level 10.6 Conjurations
 - Level 8.2 Air Magic


You had 22 spell levels left.
You knew the following spells:

 Your Spells              Type           Power        Failure   Level  Hunger
a - Shock                 Conj/Air       ####         1%          1    None
b - Static Discharge      Conj/Air       #####...     1%          3    None
c - Flame Tongue          Conj/Fire      ####.        1%          1    None


Dungeon Overview and Level Annotations

Branches:
Dungeon (1/1)

Altars:
Cheibriados
Dithmenos
Elyvilon
Fedhas
Gozag
Kikubaaqudgha
Makhleb
Nemelex Xobeh
Okawaru
Qazlal
Sif Muna
Trog
Vehumet
Xom
Yredelemnul
Zin
The Shining One
Beogh
Jiyva
Lugonu


Innate Abilities, Weirdness & Mutations

You can spit globs of acid.
You can corrode armour when you spit acid.
You are resistant to acid.
Your golden yellow scales are hard (AC +6).
Your body does not fit into most forms of armour.
Your cold-blooded metabolism reacts poorly to cold.


Message History

The spiny frog is severely wounded.
The spiny frog closely misses you.
Unknown command.
Unknown command.
Unknown command.
Casting: Shock
Confirm with . or Enter, or press ? or * to list all spells.
Aiming: Shock
Press: ? - help, Shift-Dir - straight line, f/p - spiny frog
Aim: a spiny frog (severely wounded)
The zap misses the spiny frog.
The spiny frog stings you!
* * * LOW HITPOINT WARNING * * *
Unknown command.
Casting: Shock
Confirm with . or Enter, or press ? or * to list all spells.
Aiming: Shock
Press: ? - help, Shift-Dir - straight line, f/p - spiny frog
Aim: a spiny frog (severely wounded)
The zap misses the spiny frog.
The spiny frog stings you!!
You die...

▓▓▓▓▓▓▓▓▓▓▓▓▓▓▓▓▓▓▓▓▓▓▓▓▓▓▓▓▓▓▓▓▓
..')%%..'.....'__________________
▓▓▓▓▓▓▓▓▓▓▓▓▓▓▓▓▓▓▓▓▓▓▓▓▓▓▓▓▓▓▓▓▓
.................................
▓▓▓▓▓▓▓▓▓▓▓▓▓▓▓▓▓▓▓▓▓▓▓▓▓▓▓▓▓▓▓▓▓
...'............@F%..%....
▓▓▓▓▓▓▓▓▓▓▓▓▓▓▓▓▓▓▓▓▓▓▓▓▓▓


You could see a spiny frog.

Vanquished Creatures
  A spiny frog (D)
  A komodo dragon (D)
  A two-headed ogre (D)
  A troll (D)
  A sky beast (D)
  A water moccasin (D)
  A crocodile (D)
  A giant frog (D)
  A scorpion (D)
  A hound (D)
  An iguana (D)
  A worker ant (D)
  A green rat (D)
  A giant mite (D)
  A worm (D)
  A bat (D)
  A bat skeleton (D)
  A goblin (D)
  A hobgoblin (D)
  A kobold (D)
  A giant newt (D)
  A giant spore (D)
  A goblin skeleton (D)
  A jackal (D)
  2 rats (D)
  A rat zombie (D)
  A ballistomycete (D)
28 creatures vanquished.

Vanquished Creatures (others)
  A wight (D)
  A worker ant (D)
  A kobold (D)
3 creatures vanquished.

Grand Total: 31 creatures vanquished

Notes
Turn   | Place    | Note
--------------------------------------------------------------
     0 | D        | MDvedh, the Draconian Air Elementalist, began the quest for the Orb.
     0 | D        | Reached XP level 1. HP: 14/14 MP: 3/3
     6 | D        | Reached skill level 1 in Unarmed Combat
   260 | D        | Noticed a worker ant
   263 | D        | Reached XP level 2. HP: 18/20 MP: 0/4
   275 | D        | Reached skill level 4 in Unarmed Combat
   282 | D        | Killed a worker ant
   282 | D        | Reached skill level 6 in Unarmed Combat
   282 | D        | Reached XP level 3. HP: 24/26 MP: 0/6
   346 | D        | Learned a level 3 spell: Static Discharge
   347 | D        | Found a glowing silver altar of Zin.
   347 | D        | Found a glowing golden altar of the Shining One.
   347 | D        | Found an ancient bone altar of Kikubaaqudgha.
   347 | D        | Found a basalt altar of Yredelemnul.
   347 | D        | Found a shimmering altar of Xom.
   347 | D        | Found a radiant altar of Vehumet.
   347 | D        | Found an iron altar of Okawaru.
   348 | D        | Found a burning altar of Makhleb.
   349 | D        | Found a deep blue altar of Sif Muna.
   350 | D        | Found a bloodstained altar of Trog.
   351 | D        | Found a sparkling altar of Nemelex Xobeh.
   352 | D        | Found a white marble altar of Elyvilon.
   353 | D        | Found a roughly hewn altar of Beogh.
   354 | D        | Found a viscous altar of Jiyva.
   355 | D        | Became a worshipper of Vehumet
   356 | D        | Found a corrupted altar of Lugonu.
   357 | D        | Found a blossoming altar of Fedhas.
   358 | D        | Found a snail-covered altar of Cheibriados.
   359 | D        | Found a shadowy altar of Dithmenos.
   360 | D        | Found a stormy altar of Qazlal.
   361 | D        | Found an opulent altar of Gozag.
   380 | D        | Got the +2,+2 scimitar of Graah {freeze, rPois MR+ Str+1 Stlth-}
   393 | D        | Noticed a giant frog
   393 | D        | Noticed a worker ant
   393 | D        | Noticed a wight
   396 | D        | Killed a wight
   401 | D        | Killed a worker ant
   404 | D        | Killed a giant frog
   404 | D        | Reached skill level 9 in Unarmed Combat
   404 | D        | Reached XP level 4. HP: 8/33 MP: 2/7
   625 | D        | Noticed a troll
   625 | D        | Noticed a komodo dragon
   625 | D        | Noticed a sky beast
   625 | D        | Noticed a two-headed ogre
   625 | D        | Noticed a crocodile
   625 | D        | Noticed a scorpion
   630 | D        | Killed a troll
   630 | D        | Acquired Vehumet's first power
   630 | D        | Offered knowledge of Flame Tongue by Vehumet.
   630 | D        | Reached skill level 5 in Spellcasting
   630 | D        | Reached skill level 5 in Conjurations
   630 | D        | Reached XP level 5. HP: 38/38 MP: 8/15
   630 | D        | Reached XP level 6. HP: 45/45 MP: 9/17
   638 | D        | Killed a komodo dragon
   638 | D        | Your scales start taking on a golden yellow colour.
   638 | D        | Reached XP level 7. HP: 19/50 MP: 9/21
   643 | D        | Killed a sky beast
   651 | D        | Killed a scorpion
   654 | D        | Killed a two-headed ogre
   655 | D        | Killed a crocodile
   655 | D        | Reached XP level 8. HP: 47/57 MP: 7/24
   769 | D        | Learned a level 1 spell: Flame Tongue
   890 | D        | Noticed a spiny frog
   890 | D        | Noticed a water moccasin
   890 | D        | Noticed a hound
   890 | D        | Noticed a spiny frog
   891 | D        | Noticed an iguana
   893 | D        | Offered knowledge of Throw Frost by Vehumet.
   895 | D        | Killed a hound
   895 | D        | Acquired Vehumet's second power
   898 | D        | Killed an iguana
   900 | D        | Acquired Vehumet's third power
   903 | D        | Killed a water moccasin
   904 | D        | Killed a spiny frog
   904 | D        | Reached skill level 10 in Spellcasting
   904 | D        | Reached skill level 10 in Conjurations
   908 | D        | Slain by a spiny frog

Action                   |  1- 3 |  4- 6 |  7- 9 || total
-------------------------+-------+-------+-------++-------
Melee: Unarmed           |    24 |    11 |     5 ||    40
       Scimitar          |     4 |     1 |       ||     5
 Cast: Shock             |    10 |       |    22 ||    32
       Static Discharge  |       |       |     1 ||     1
  Use: Potion            |       |     1 |     2 ||     3
       Scroll            |       |       |     1 ||     1
